 Dungeon Sprint DCSS version 0.30-a0-808-g6e0788376e (webtiles) character file.

Game seed: 4775872551226886428

21348 rocky1 the Executioner (level 12, -1/125 HPs)
             Began as a Minotaur Gladiator on Feb 26, 2023.
             Was the Champion of Cheibriados.
             Succumbed to a nagaraja's bolt of poison
             ... in the Dungeon (Sprint VII: "The Pits").
             The game lasted 00:09:10 (5323 turns).

rocky1 the Executioner (Minotaur Gladiator)         Turns: 5323, Time: 00:09:11

Health: -1/125     AC: 31    Str: 37    XL:     12   Next: 53%
Magic:  22/22      EV: 15    Int: 22    God:    Cheibriados [******]
Gold:   7          SH:  0    Dex: 27    Spells: 11/11 levels left

rFire   . . .      SeeInvis +    w - +5 broad axe (heavy)
rCold   + . .      Faith    .    (no shield)
rNeg    . . .      Spirit   .    x - +3 plate armour
rPois   .          Reflect  .    c - +2 hat
rElec   .          Harm     .    r - +2 cloak
rCorr   .          Rampage  .    y - +2 pair of gloves
Will    +++..      NoTele   +    (no boots) Stlth
                                 (no amulet)
HPRegen 0.40/turn                s - ring "Yqiutem" {Drain rC- Will+++ Slay+4 SInv}
MPRegen 0.18/turn                b - ring "Fuin" {Wiz Drain rC++}

@: lethally poisoned (-1 -> -16), constricted, very slow
A: horns 2, retaliatory headbutt
a: Renounce Religion, Bend Time, Temporal Distortion, Slouch, Step From Time


You were in the Dungeon.
You worshipped Cheibriados.
Cheibriados was exalted by your worship.
You visited 1 branch You collected 7 gold pieces.

Inventory:

Hand Weapons
 o - a +0 hand axe of freezing
 v - a +2 morningstar of protection
 w - a +5 heavy broad axe (weapon)
Missiles
 d - 6 throwing nets (quivered)
 e - a javelin
Armour
 c - a +2 hat (worn)
 r - a +2 cloak (worn)
 x - a +3 plate armour (worn)
 y - a +2 pair of gloves (worn)
Jewellery
 b - the ring "Fuin" (right hand) {Wiz Drain rC++}
   (You found it in the Dungeon)

   [ring of wizardry]

   It improves your spell success rate.
   rC:        It greatly protects you from cold.
   Drain:     It drains your maximum health when unequipped.
 s - the ring "Yqiutem" (left hand) {Drain rC- Will+++ Slay+4 SInv}
   (You found it in the Dungeon)

   [ring of slaying]

   Slay:      It affects your accuracy & damage with ranged weapons and melee
   (+4).
   rC:        It makes you vulnerable to cold.
   SInv:      It lets you see invisible.
   Drain:     It drains your maximum health when unequipped.
   Will:      It greatly increases your willpower.
Scrolls
 a - a scroll of fear
 k - 3 scrolls of blinking
 m - 5 scrolls of amnesia
 n - a scroll of butterflies
 p - a scroll of enchant armour
 A - 2 scrolls of identify
Potions
 f - 7 potions of curing
 g - 7 potions of heal wounds
 i - 4 potions of magic
 j - 7 potions of berserk rage
 l - 2 potions of invisibility
 q - 3 potions of mutation
 u - 2 potions of brilliance
 z - a potion of resistance
Miscellaneous
 C - a box of beasts


   Skills:
 + Level 17.2 Fighting
 + Level 21.0 Axes
 + Level 3.2 Throwing
 + Level 18.5 Armour
 + Level 10.6 Dodging
 - Level 5.1 Stealth
 * Level 14.8 Invocations


You had 11 spell levels left.
You didn't know any spells.
Your spell library contained the following spells:

 Spells                   Type           Power      Damage    Failure   Level
 Momentum Strike          Conj/Tloc      0%         3d8       32%         2
 Kindle Blastsparks       Fire/Tloc/Air  0%         2d10      52%         3
 Summon Forest            Summ/Tloc      0%         N/A       99%         5
 Summon Mana Viper        Hex/Summ       0%         N/A       99%         5
 Summon Cactus Giant      Summ           0%         N/A       100%        6


Dungeon Overview and Level Annotations

Branches:
Dungeon (1/1)

Altars:
Ashenzari
Cheibriados
Dithmenos
Elyvilon
Fedhas
Gozag
Hepliaklqana
Kikubaaqudgha
Makhleb
Nemelex Xobeh
Okawaru
Qazlal
Ru
Sif Muna
Trog
Uskayaw
Vehumet
Wu Jian
Xom
Yredelemnul
Zin
The Shining One
Jiyva
Lugonu

Annotations:
D Agnes


Innate Abilities, Weirdness & Mutations

You have a pair of horns on your head.
You reflexively headbutt those who attack you in melee.


Message History

Cheibriados thoroughly appreciates the change of pace.
You slash the nagaraja!
You feel very sick. The nagaraja spits poison at you.
The splash of poison hits you but does no damage.
You are lethally poisoned!
The nagaraja constricts you.
* * * LOW HITPOINT WARNING * * *
The merfolk hits you but does no damage.
Agnes says, "You will find the Path of Peace easy to follow, in death."
A redback comes into view.
Your Axes skill increases to level 21!
You completely miss the nagaraja.
The nagaraja is moderately wounded.
* * * LOW HITPOINT WARNING * * *
You feel very sick.
The nagaraja hits you but does no damage.
The nagaraja constricts you. The merfolk misses you.
You feel much better.
You feel very sick. The nagaraja hits you with a +0 flail!
* * * LOW HITPOINT WARNING * * *
The nagaraja constricts you.
* * * LOW HITPOINT WARNING * * *
The merfolk closely misses you.
You feel better.
The nagaraja gestures at you while chanting.
The bolt of poison hits you!!
You are poisoned.
* * * LOW HITPOINT WARNING * * *
The nagaraja constricts you.
Agnes says, "The ORB is mine by right."
The merfolk hits you from afar with a +0 trident!
* * * LOW HITPOINT WARNING * * *
Okay, then.
Blink to where?
Press: ? - help, Dir - move target The nagaraja's grasp on you weakens, but your attempt to escape fails.
As you read the scroll of blinking, it crumbles to dust.
You die...

#.... #.... +..#. +.... #....
#######################..#.
#....................''....
#.............=......''....
#..#######@########..##..#. #..#
#N#)# #..##.... #..# #e# #m#
#..##.... #..# #W# #w# #..####''
#..# #.# #i# #..####'' #..##.#
#s# #..##....
#..################..##.#'#
#######....................##.#))
____.##....................##.'.[


You could see Agnes, a nagaraja (catching breath), a deep elf death mage, a
tyrant leech, a merfolk, a wraith and a redback.

Vanquished Creatures
  A nagaraja (D)
  A fire giant (D)
  A ghost moth (D)
  Josephine (D)
  Harold (D)
  2 catoblepae (D)
  A centaur warrior (D)
  A boulder beetle (D)
  Erica (D)
  A dancing weapon (D)
  A death yak (D)
  A spriggan (D)
  2 sixfirhies (D)
  A salamander mystic (D)
  A shadow wraith (D)
  A phantasmal warrior (D)
  A flayed ghost (D)
  2 lindwurms (D)
  2 deep elf pyromancers (D)
  A large abomination (D)
  A naga mage (D)
  A molten gargoyle (D)
  A cane toad (D)
  A rime drake (D)
  An efreet (D)
  2 ice devils (D)
  A troll (D)
  A hornet (D)
  5 blink frogs (D)
  A snapping turtle (D)
  A flying skull (D)
  A jumping spider (D)
  An air elemental (D)
  5 yaks (D)
  6 wraiths (D)
  2 basilisks (D)
  A fire elemental (D)
  A redback (D)
  A neqoxec (D)
  An acid dragon (D)
  A sky beast (D)
  An ice beast (D)
  An ogre (D)
  A phantom (D)
  6 wolves (D)
  4 centaurs (D)
  A kobold brigand (D)
  2 necrophages (D)
  A gnoll sergeant (D)
  A jelly (D)
  Crazy Yiuf (D)
  An iguana (D)
  An iron imp (D)
  An adder (D)
  4 gnolls (D)
  3 river rats (D)
  A bat (D)
  2 bat zombies (D)
  An endoplasm (D)
  2 hobgoblins (D)
  11 jackals (D)
  2 kobolds (D)
  A ball python (D)
  A giant cockroach simulacrum (D)
  2 goblins (D)
  A quokka zombie (D)
113 creatures vanquished.

Vanquished Creatures (others)
  A rat (D)
1 creature vanquished.

Grand Total: 114 creatures vanquished

Notes
Turn   | Place    | Note
-------+----------+-------------------------------------------
     0 | D        | rocky1 the Minotaur Gladiator began the quest for the Orb.
     0 | D        | Reached XP level 1. HP: 18/18 MP: 0/0
    17 | D        | Reached skill level 4 in Axes
    21 | D        | Found a bloodstained altar of Trog.
    21 | D        | Found a shimmering blue altar of Sif Muna.
    21 | D        | Found a viscous altar of Jiyva.
    21 | D        | Found a hazy altar of Hepliaklqana.
    21 | D        | Found an opulent altar of Gozag.
    22 | D        | Found a glowing golden altar of the Shining One.
    22 | D        | Found a glowing silver altar of Zin.
    22 | D        | Found a basalt altar of Yredelemnul.
    22 | D        | Found a shimmering altar of Xom.
    22 | D        | Found an ornate altar of the Wu Jian Council.
    22 | D        | Found a sacrificial altar of Ru.
    22 | D        | Found a stormy altar of Qazlal.
    22 | D        | Found an iron altar of Okawaru.
    22 | D        | Found a sparkling altar of Nemelex Xobeh.
    22 | D        | Found a burning altar of Makhleb.
    22 | D        | Found a blossoming altar of Fedhas.
    22 | D        | Found a white marble altar of Elyvilon.
    22 | D        | Found a shadowy altar of Dithmenos.
    22 | D        | Found a snail-covered altar of Cheibriados.
    25 | D        | Found a corrupted altar of Lugonu.
    25 | D        | Found a radiant altar of Vehumet.
    26 | D        | Found an ancient bone altar of Kikubaaqudgha.
    26 | D        | Found a hide-covered altar of Uskayaw.
    26 | D        | Found a broken altar of Ashenzari.
    37 | D        | Became a worshipper of Cheibriados the Contemplative
   342 | D        | Reached * piety under Cheibriados
   346 | D        | Reached XP level 2. HP: 3/26 MP: 1/1
   545 | D        | Reached skill level 5 in Axes
   545 | D        | Reached skill level 1 in Armour
   545 | D        | Reached skill level 5 in Dodging
   546 | D        | Reached ** piety under Cheibriados
   547 | D        | Reached XP level 3. HP: 18/31 MP: 2/2
   762 | D        | Reached *** piety under Cheibriados
   763 | D        | Reached **** piety under Cheibriados
   765 | D        | Reached skill level 6 in Axes
   765 | D        | Reached ***** piety under Cheibriados
  1019 | D        | Noticed a centaur
  1020 | D        | Noticed Crazy Yiuf
  1022 | D        | Noticed a centaur
  1026 | D        | Killed a centaur
  1027 | D        | Reached skill level 7 in Axes
  1027 | D        | Reached XP level 4. HP: 13/41 MP: 2/4
  1034 | D        | Killed Crazy Yiuf
  1034 | D        | Reached ****** piety under Cheibriados
  1035 | D        | Reached skill level 5 in Fighting
  1035 | D        | Reached skill level 8 in Axes
  1035 | D        | Reached XP level 5. HP: 13/48 MP: 2/6
  1037 | D        | Killed a centaur
  1038 | D        | Reached skill level 1 in Stealth
  1379 | D        | Noticed a sky beast
  1384 | D        | Killed a sky beast
  1385 | D        | Reached skill level 9 in Axes
  1385 | D        | Reached skill level 5 in Armour
  1385 | D        | Reached XP level 6. HP: 57/57 MP: 6/8
  1405 | D        | Noticed a wraith
  1415 | D        | Killed a wraith
  1416 | D        | Reached skill level 10 in Axes
  1416 | D        | Reached skill level 5 in Invocations
  1544 | D        | Noticed an ice beast
  1551 | D        | Reached XP level 7. HP: 64/64 MP: 10/10
  1567 | D        | Reached skill level 11 in Axes
  1773 | D        | Noticed a sixfirhy
  1780 | D        | Killed a sixfirhy
  1781 | D        | Reached skill level 12 in Axes
  1781 | D        | Reached XP level 8. HP: 60/75 MP: 10/12
  2213 | D        | Noticed Harold
  2222 | D        | Killed Harold
  2223 | D        | Reached skill level 13 in Axes
  2223 | D        | Reached skill level 10 in Armour
  2223 | D        | Reached XP level 9. HP: 83/83 MP: 12/14
  2244 | D        | Reached skill level 14 in Axes
  2251 | D        | Killed a shadow wraith
  2252 | D        | Reached skill level 10 in Fighting
  2252 | D        | Reached skill level 10 in Dodging
  2430 | D        | Noticed a cane toad
  2433 | D        | Reached skill level 15 in Axes
  2433 | D        | Killed a cane toad
  2436 | D        | Noticed a death yak
  2441 | D        | Killed a death yak
  2442 | D        | Reached skill level 10 in Invocations
  2442 | D        | Reached XP level 10. HP: 72/94 MP: 16/16
  2726 | D        | Reached skill level 16 in Axes
  2852 | D        | Reached skill level 17 in Axes
  2983 | D        | Noticed a lindwurm
  2984 | D        | Noticed a catoblepas
  2989 | D        | Noticed a deep elf pyromancer
  3000 | D        | Killed a lindwurm
  3003 | D        | Killed a catoblepas
  3004 | D        | Killed a deep elf pyromancer
  3005 | D        | Reached skill level 18 in Axes
  3005 | D        | Reached XP level 11. HP: 34/105 MP: 18/18
  3200 | D        | Killed a ghost moth
  3201 | D        | Reached skill level 5 in Stealth
  3357 | D        | Noticed Erica
  3364 | D        | Killed Erica
  3365 | D        | Reached skill level 15 in Armour
  3737 | D        | Got the Directory of Wanderlust
  3820 | D        | Noticed a boulder beetle
  3828 | D        | Killed a boulder beetle
  3829 | D        | Reached skill level 19 in Axes
  3841 | D        | Noticed a flayed ghost
  3841 | D        | Noticed a lindwurm
  3845 | D        | Killed a lindwurm
  3850 | D        | Killed a flayed ghost
  4188 | D        | Noticed a centaur warrior
  4189 | D        | Noticed a catoblepas
  4193 | D        | Killed a catoblepas
  4194 | D        | Killed a centaur warrior
  4346 | D        | Noticed a nagaraja
  4348 | D        | Noticed Josephine
  4356 | D        | Killed a nagaraja
  4357 | D        | Reached skill level 15 in Fighting
  4358 | D        | Killed Josephine
  4359 | D        | Reached skill level 20 in Axes
  4360 | D        | Reached XP level 12. HP: 51/121 MP: 14/21
  4633 | D        | Noticed a fire giant
  4638 | D        | Killed a fire giant
  5010 | D        | Got the ring "Fuin" {Wiz Drain rC++}
  5012 | D        | Got the ring "Yqiutem" {Drain rC- Will+++ Slay+4 SInv}
  5307 | D        | Noticed a six-headed hydra
  5314 | D        | Noticed a nagaraja
  5317 | D        | Noticed a deep elf death mage
  5317 | D        | Noticed Agnes
  5320 | D        | Reached skill level 21 in Axes
  5322 | D        | HP: 1/125 [merfolk/+0 trident (10)]
  5323 | D        | Succumbed to a nagaraja's bolt of poison

Illustrated notes

Levels and vault maps discovered:
D:        pitsprint [storerooms_1, entrance_room_1, metal_vault_6, armoury_3,
          mini_pit_1, grid_room_1, main_hall_1, silver_pit, the_coven_3,
          the_vestibule_1, steel_vault_5, golden_pit, hallway_of_sentries,
          crystal_vault_1, iron_vault_2, final_vault]

Skill      XL: |  1  2  3  4  5  6  7  8  9 10 11 12 |
---------------+-------------------------------------+-----
Axes           | 4 5 7 8 9 10 12 13 15 18 20 21 | 21.0
Fighting       | 3 4 5 6 8 9 10 12 15 17 | 17.2
Dodging        | 4 5 6 7 8 9 10 | 10.6
Armour         | 1 3 4 5 7 8 10 12 14 17 18 | 18.5
Throwing       | 3 |  3.2
Invocations    | 2 3 4 5 7 8 10 11 13 14 | 14.8
Stealth        | 1 2 3 4 5 |  5.1

Action                     |  1- 3 |  4- 6 |  7- 9 | 10-12 || total
---------------------------+-------+-------+-------+-------++-------
  Melee: War axe           |    26 |       |       |       ||    26
         Headbutt          |     2 |     3 |     6 |    19 ||    30
         Hand axe          |    12 |    30 |    27 |       ||    69
         Punch             |       |     1 |       |     2 ||     3
         Broad axe         |       |       |    22 |   105 ||   127
 Invoke: Slouch            |       |       |       |     1 ||     1
    Use: Potion            |     1 |     2 |       |     3 ||     6
         Scroll            |       |       |       |     9 ||     9
   Stab: Petrifying        |       |       |       |     2 ||     2
 Armour: Leather armour    |     6 |       |       |       ||     6
         Scale mail        |     7 |    11 |    10 |       ||    28
         Plate armour      |       |       |    18 |   103 ||   121
  Dodge: Dodged            |    33 |    29 |    68 |   148 ||   278

Table legend: (Time is in decaauts)
 A = Elapsed time spent in this place.
 B = Non-inter-level travel time spent in this place.
 C = Inter-level travel time spent in this place.
 D = Time resting spent in this place.
 E = Time spent auto-exploring this place.
 F = Levels seen in this place.
 G = Mean time per level.
                   A        B        C        D        E       F      G
               +--------+--------+--------+--------+--------+-----+--------+
         Total |   5961 |   5855 |    106 |   4270 |      0 |   1 | 5961.0 |
       Dungeon |   5961 |   5855 |    106 |   4270 |      0 |   1 | 5961.0 |
               +--------+--------+--------+--------+--------+-----+--------+

Top non-repeatable levels by time:
       D: 5961 daAuts
